 Dungeon Crawl Stone Soup version 0.24.1-8-ga250c9d538 (webtiles) character file.

Game seed: 4808936920547079148, levelgen mode: deterministic

6014 pinkdragonlove the Grappler (level 10, -4/138 HPs)
             Began as a Troll Berserker on Apr 30, 2020.
             Was a High Priest of Trog.
             Slain by an orc warrior
             ... wielding a +0 trident
              (14 damage)
             ... on level 8 of the Dungeon.
             The game lasted 00:34:31 (6036 turns).

pinkdragonlove the Grappler (Troll Berserker)       Turns: 6036, Time: 00:34:31

Health: -4/138     AC:  8    Str: 37    XL:     10   Next: 56%
Magic:  9/9        EV: 11    Int:  3    God:    Trog [*****.]
Gold:   422        SH:  3    Dex:  9    Spells: 9/9 levels left

rFire    . . .     SeeInvis .     - Unarmed
rCold    . . .     Gourm    +   (no shield)
rNeg     + . .     Faith    .   a - +2 animal skin
rPois    .         Spirit   .   (helmet restricted)
rElec    .         Reflect  +   (no cloak)
rCorr    .         Harm     .   (gloves unavailable)
MR       .....                  (boots unavailable)
Stlth    ..........             n - +3 amulet of reflection
HPRegen  0.73/turn              u - ring of positive energy
MPRegen  0.11/turn              (no ring)

@: berserking (expiring), very quick
A: large, unfitting armour, beak, claws 3, fast metabolism 3, gourmand,
regeneration 1, shaggy fur 1, strong 1, tough skin 3
a: Berserk, Trog's Hand, Brothers in Arms, Renounce Religion


You were on level 8 of the Dungeon.
You worshipped Trog.
Trog was extremely pleased with you.
You were full.

You visited 1 branch of the dungeon, and saw 8 of its levels.

You collected 422 gold pieces.

Inventory:

Hand Weapons
 k - a +0 club
Armour
 a - a +2 animal skin (worn)
Jewellery
 f - an uncursed amulet of the acrobat
 n - a +3 amulet of reflection (around neck)
 u - a ring of positive energy (left claw)
Wands
 t - a wand of acid (13)
Scrolls
 c - 3 scrolls of immolation
 e - 3 scrolls of brand weapon {unknown}
 g - a scroll of fear {unknown}
 h - 4 scrolls of remove curse
 l - 3 scrolls of noise
 m - a scroll of magic mapping
 p - 3 scrolls of teleportation
 q - 2 scrolls of blinking
 r - 4 scrolls of identify
 s - a scroll of enchant weapon {unknown}
Potions
 d - a potion of cancellation
 i - 6 potions of curing
 j - 2 potions of flight {unknown}
 o - 3 potions of heal wounds
 v - a potion of degeneration {unknown}
Comestibles
 b - 17 rations
 w - 6 chunks of flesh


   Skills:
 + Level 3.9 Fighting
 + Level 5.1 Dodging
 + Level 1.5 Stealth
 * Level 14.0 Unarmed Combat


You had 9 spell levels left.
You didn't know any spells.
Your spell library was empty.

Dungeon Overview and Level Annotations

Branches:
Dungeon (8/15)             Temple (0/1) D:5
   Lair: D:8-11

Altars:
Cheibriados
Okawaru
Sif Muna

Annotations:
D:7 2 transporters, Teror's ghost, novice DrAE


Innate Abilities, Weirdness & Mutations

You are too large for most types of armour.
You have claws for hands.
Your metabolism is lightning-fast.
You like to eat raw meat.
Your natural rate of healing is unusually fast.
You are covered in fur. (AC +1)
You have extremely tough skin. (AC +3)
You have a beak for a mouth.
Your muscles are strong. (Str +2)


Message History

The jackal closely misses you.
The orc wizard looks satisfied for a moment.
An orc warrior comes into view. It is wielding a +0 short sword.
You barely miss the orc wizard.
The orc wizard is almost dead.
An orc comes into view. It is wielding a -3 club.
The jackal barely misses you.
The orc shouts!
You mangle the orc wizard!!
You kill the orc wizard!
Trog accepts your kill.
Trog appreciates your killing of a magic user.
Your Unarmed Combat skill increases to level 14!
The orc warrior closely misses you.
Okay, then.
You mangle the jackal!!
You kill the jackal!
Trog accepts your kill.
The orc warrior hits you with a +0 trident!
You die...

.. #. .. #. ###.
#.. # ###)#####o.#
#....)).o#
#..(@....#
######...o.....#
#.....(...........
#...(((........#.#
#....##.####.....#
#....##)# .##.##
#######.# .# .#
#...# ##.###


You could see 2 orc warriors and an orc.

Vanquished Creatures
  Harold (D:7)
  Pikel (D:7)
  Joseph (D:7)
  Prince Ribbit (D:6)
  The ghost of Xye the Skirmisher, an amateur GrFi (D:3)
  A hippogriff (D:7)
  4 hogs (D:7)
  A human (D:7)
  Eustachio (D:4)
  Duvessa (D:7)
  An orc warrior (D:8)
  3 phantoms
  An ice beast (D:5)
  3 ogres
  2 centaurs
  A big kobold (D:7)
  3 bullfrogs
  A gnoll sergeant (D:5)
  Dowan (D:7)
  2 scorpions (D:7)
  3 howler monkeys
  5 crimson imps
  A bullfrog zombie (D:7)
  2 centaur skeletons
  7 orc priests
  2 bullfrog skeletons
  2 hounds
  2 jellies
  9 orc wizards
  An iron imp (D:7)
  5 iguanas
  7 worker ants
  A killer bee zombie (D:3)
  2 hound skeletons
  2 hound zombies
  A worker ant zombie (D:7)
  Robin (D:4)
  A howler monkey zombie (D:5)
  9 gnolls
  9 adders
  An adder zombie (D:5)
  2 adder skeletons
  3 worms (D:2)
  A dart slug (D:3)
  A leopard gecko (D:5)
  31 orcs
  A ball python (D:4)
  10 bats
  8 giant cockroaches
  14 goblins
  10 hobgoblins
  11 jackals
  13 kobolds
  3 quokkas
  5 frilled lizards
  A quokka zombie (D:5)
  18 rats
236 creatures vanquished.

Vanquished Creatures (others)
  A sky beast (D:7)
1 creature vanquished.

Grand Total: 237 creatures vanquished

Notes
Turn   | Place    | Note
-------+----------+-------------------------------------------
     0 | D:1      | pinkdragonlove the Troll Berserker began the quest for the
                  | Orb.
     0 | D:1      | Reached XP level 1. HP: 22/22 MP: 0/0
    85 | D:1      | Reached XP level 2. HP: 29/29 MP: 1/1
   554 | D:2      | Reached XP level 3. HP: 36/36 MP: 2/2
   845 | D:2      | Reached ** piety under Trog
   866 | D:2      | Reached skill level 4 in Unarmed Combat
  1185 | D:2      | Reached XP level 4. HP: 25/44 MP: 3/3
  1399 | D:3      | Reached XP level 5. HP: 52/52 MP: 4/4
  1400 | D:3      | Reached skill level 5 in Unarmed Combat
  1691 | D:3      | Reached *** piety under Trog
  1834 | D:3      | Reached XP level 6. HP: 39/61 MP: 5/5
  2182 | D:3      | Found a runed translucent gate.
  2182 | D:3      | Found a runed translucent gate.
  2182 | D:3      | Found a runed translucent gate.
  2182 | D:3      | Noticed Xye's ghost (amateur GrFi)
  2195 | D:3      | Reached skill level 6 in Unarmed Combat
  2375 | D:3      | Killed Xye's ghost
  2378 | D:3      | Reached XP level 7. HP: 63/67 MP: 6/6
  2495 | D:4      | Reached skill level 7 in Unarmed Combat
  2933 | D:4      | Noticed Robin
  2935 | D:4      | Reached **** piety under Trog
  2937 | D:4      | Noticed Eustachio
  2950 | D:4      | Reached skill level 8 in Unarmed Combat
  2956 | D:4      | Killed Robin
  2984 | D:4      | Killed Eustachio
  2984 | D:4      | Reached XP level 8. HP: 72/75 MP: 7/7
  3376 | D:4      | Gained mutation: Your muscles are strong. (Str +2) [potion
                  | of mutation]
  3376 | D:4      | Gained mutation: You have a beak for a mouth. [potion of
                  | mutation]
  3384 | D:5      | Entered Level 5 of the Dungeon
  3449 | D:5      | Reached skill level 9 in Unarmed Combat
  3540 | D:5      | Found a staircase to the Ecumenical Temple.
  3830 | D:5      | Reached skill level 10 in Unarmed Combat
  4281 | D:6      | Reached ***** piety under Trog
  4576 | D:6      | Reached skill level 1 in Stealth
  4598 | D:6      | Reached XP level 9. HP: 79/83 MP: 8/8
  4601 | D:6      | Noticed Prince Ribbit
  4618 | D:6      | Killed Prince Ribbit
  4779 | D:7      | Reached skill level 11 in Unarmed Combat
  4789 | D:7      | Noticed Duvessa
  4798 | D:7      | Killed Duvessa
  4802 | D:7      | Noticed Dowan
  4806 | D:7      | Killed Dowan
  4825 | D:7      | Found a snail-covered altar of Cheibriados.
  4902 | D:7      | Found an iron altar of Okawaru.
  5011 | D:7      | Reached skill level 12 in Unarmed Combat
  5043 | D:7      | Found a transporter.
  5045 | D:7      | Found a transporter.
  5046 | D:7      | Noticed Teror's ghost (novice DrAE)
  5047 | D:7      | Noticed Joseph
  5047 | D:7      | Noticed Harold
  5066 | D:7      | Killed Harold
  5072 | D:7      | Reached XP level 10. HP: 69/92 MP: 9/9
  5077 | D:7      | Killed Joseph
  5077 | D:7      | Reached skill level 5 in Dodging
  5263 | D:7      | Noticed Pikel
  5278 | D:7      | Killed Pikel
  5278 | D:7      | Reached skill level 13 in Unarmed Combat
  5950 | D:8      | Found a shimmering blue altar of Sif Muna.
  6034 | D:8      | Reached skill level 14 in Unarmed Combat
  6036 | D:8      | Slain by an orc warrior

Levels and vault maps discovered:
D:1:      erik_arrival_orb_chamber, layout_loops_ring
D:2:      layout_basic, first_ration, minmay_mini_jars
D:3:      layout_basic, gammafunk_ghost_necromancy, corexii_leaking_fountain
D:4:      layout_basic, uniq_eustachio, uniq_robin
D:5:      layout_cave_pods, minmay_temple_entry_sparse_star,
          chequers_mini_garden
D:6:      layout_basic, hangedman_abyss_or_decor_lesser_grid,
          uniq_prince_ribbit1
D:7:      layout_basic, slow_altar_2, okawaru_ov_weapons_minmay,
          gammafunk_ghost_mausoleum, grunt_livestock, kennysheep_generic_room_7,
          uniq_duvessa, uniq_joseph, uniq_pikel, uniq_harold
D:8:      layout_rooms, kennysheep_mini, led_sif_book,
          hangedman_abyss_or_decor_stabs, uniq_erica

Skill      XL: |  1  2  3  4  5  6  7  8  9 10 |
---------------+-------------------------------+-----
Unarmed Combat | 4 5 6 8 10 12 14 | 14.0
Dodging        | 3 4 5 |  5.1
Fighting       | 3 |  3.9
Stealth        | 1 |  1.5

Action                   |  1- 3 |  4- 6 |  7- 9 | 10-12 || total
-------------------------+-------+-------+-------+-------++-------
Melee: Unarmed           |   113 |   114 |   273 |    85 ||   585
       Punch             |     2 |     3 |    17 |     5 ||    27
       Peck              |       |       |    33 |    18 ||    51
Invok: Berserk           |       |     4 |     5 |     1 ||    10
  Use: Scroll            |       |     1 |     9 |       ||    10
       Potion            |       |       |     5 |       ||     5
  Eat: Chunk             |    10 |    20 |    21 |    15 ||    66
Armor: Animal skin       |    60 |    33 |    67 |    17 ||   177
Dodge: Dodged            |    89 |    72 |   135 |    39 ||   335
Block: Other             |       |       |     9 |    10 ||    19
       Reflection        |       |       |     1 |       ||     1
